 Dungeon Crawl Stone Soup version 0.31-a0-1172-g9944ec47dd (webtiles) character file.

Game seed: 10952313918339069585

147 Foolio the Grave Robber (level 5, -1/33 HPs)
             Began as an Octopode Necromancer on Dec 10, 2023.
             Slain by a gnoll
             ... wielding a +0 club
              (4 damage)
             ... on level 2 of the Dungeon.
             The game lasted 00:22:39 (2319 turns).

Foolio the Grave Robber (Octopode Necromancer)      Turns: 2319, Time: 00:22:39

Health: -1/33      AC:  1    Str:  8    XL:     5   Next: 29%
Magic:  0/9        EV: 13    Int: 19    God:
Gold:   135        SH:  0    Dex: 12    Spells: 5/9 levels left

rFire   + . .        (no weapon)
rCold   . . .        (no shield)
rNeg    . . .        (helmet restricted)
rPois   .            (no amulet)
rElec   .            e - ring of protection from fire
rCorr   .            (no ring)
SInv    .            (no ring)
Will    .....        (no ring)
Stlth   +++          (no ring)
HPRegen 0.25/turn    (no ring)
MPRegen 0.11/turn    (no ring)
                     (no ring)

%: no passive effects
@: no status effects
A: almost no armour, amphibious, 8 rings, camouflage 1, gelatinous body 1,
(nimble swimmer 1), tentacles
a: no special abilities


You were on level 2 of the Dungeon.
You visited 1 branch of the dungeon, and saw 3 of its levels.

You collected 135 gold pieces.

Inventory:

Missiles
 b - 11 poisoned darts
Jewellery
 e - a ring of protection from fire (left tentacle)
Scrolls
 c - a scroll of teleportation
Potions
 a - a potion of magic
 f - 2 potions of haste
 g - 3 potions of curing {unknown}


   Skills:
 + Level 1.4 Fighting
 * Level 3.0 Dodging
 * Level 4.2 Stealth
 * Level 2.9 Spellcasting
 * Level 4.5 Necromancy


You had 5 spell levels left.
You knew the following spells:

 Your Spells              Type           Power      Damage    Failure   Level
a - Necrotise             Necr           76%        1d7       2%          1
b - Vampiric Draining     Necr           19%        2d7       7%          3

Your spell library contained the following spells:

 Spells                   Type           Power      Damage    Failure   Level
 Animate Dead             Necr           19%        N/A       24%         4
 Frozen Ramparts          Ice            4%         1d1       43%         3
 Agony                    Necr           19%        N/A       54%         5
 Petrify                  Tmut/Erth      2%         N/A       83%         4
 Metabolic Englaciation   Hex/Ice        1%         N/A       99%         5


Dungeon Overview and Level Annotations

Branches:
Dungeon (3/15)

Altars:


Innate Abilities, Weirdness & Mutations

You cannot wear most types of armour.
You are amphibious.
You can wear up to eight rings at the same time.
Your skin changes colour to match your surroundings (Stealth+).
Your rubbery body absorbs attacks. (AC +1, EV +1)
((You are camouflaged when in or above water. (Stealth+)))
You have tentacles for arms and can constrict up to eight enemies at once.


Message History

The gnoll closely misses you.
You tentacle-slap the gnoll. Your grab misses the gnoll.
Your squeeze misses the gnoll.
The gnoll is almost dead.
The gnoll hits you with a +0 club.
You barely miss the gnoll. You grab the gnoll.
The gnoll is severely wounded.
You constrict the gnoll. The gnoll hits you with a +0 club.
You tentacle-slap the gnoll but do no damage.
The gnoll is almost dead.
You constrict the gnoll. The gnoll misses you.
You tentacle-slap the gnoll but do no damage.
You squeeze the gnoll, but do no damage.
The gnoll is almost dead.
You constrict the gnoll.
You kill the gnoll!
Things that are here:
a +0 club; a gnoll corpse
There is a stone staircase leading down here.
You climb downwards.
The gnoll hits you with a +0 club.
There is a stone staircase leading up, spattered with blood here.
The gnoll hits you with a +0 club!
* * * LOW HITPOINT WARNING * * *
You climb upwards.
There is a stone staircase leading down here.
Casting: Vampiric Draining (quite dangerous; 7% risk of failure)
Confirm with . or Enter, or press ? or * to list all spells.
Aiming: Vampiric Draining (quite dangerous; 7% risk of failure)
Press: ? - help, Shift-Dir - straight line, f - gnoll
Aim: a gnoll, wielding a +0 club You draw life force from the gnoll.
You feel life coursing into your body. The gnoll hits you with a +0 club!
* * * LOW HITPOINT WARNING * * *
Casting: Vampiric Draining (quite dangerous; 7% risk of failure)
Confirm with . or Enter, or press ? or * to list all spells.
Aiming: Necrotise (safe; 2% risk of failure)
Press: ? - help, Shift-Dir - straight line, f/p - gnoll
Aim: a gnoll, wielding a +0 club (heavily wounded, chance to affect: 84%)
The gnoll writhes in agony.
The gnoll hits you with a +0 club.
You die...

#...................[
##.............#.#####
##..........<...#.####
##.......)............##
#................####...
#................# ####
#...............## ####.
#.........)......# #....
#......@.........###.###
#.....>g.............#
##..............##.###
##.....#.....####.#####
#####.##...## #......
#.....).## #......
#......## ###......
#......#####.....>..
####..........#.....


You could see a gnoll.

Vanquished Creatures
  An orc wizard (D:3)
  3 adders
  2 gnolls
  2 worms
  A dart slug (D:1)
  3 orcs (D:3)
  7 ball pythons
  4 endoplasms
  3 giant cockroaches
  7 goblins
  A hobgoblin (D:3)
  5 kobolds
  2 quokkas
  3 frilled lizards
  A rat (D:1)
45 creatures vanquished.

Vanquished Creatures (collateral kills)
  An adder (D:2)
  An endoplasm (D:1)
  2 hobgoblins (D:2)
  3 ball pythons
  2 rats
9 creatures vanquished.

Grand Total: 54 creatures vanquished

Notes
Turn   | Place    | Note
-------+----------+-------------------------------------------
     0 | D:1      | Foolio the Octopode Necromancer began the quest for the
                  | Orb.
     0 | D:1      | Reached XP level 1. HP: 11/11 MP: 3/3
   156 | D:1      | Reached XP level 2. HP: 17/17 MP: 0/5
   544 | D:1      | Reached XP level 3. HP: 5/21 MP: 1/6
   782 | D:1      | Learned a level 3 spell: Vampiric Draining
  1504 | D:2      | Reached skill level 1 in Fighting
  1528 | D:2      | Reached XP level 4. HP: 28/28 MP: 3/7
  2147 | D:3      | Reached XP level 5. HP: 33/33 MP: 5/9
  2319 | D:2      | Slain by a gnoll

Illustrated notes

Levels and vault maps discovered:
D:1:      psy_arrival_conway, layout_basic, minmay_shallow_snake_nest
D:2:      layout_rooms, nicolae_concentric_dashed_squares_mild,
          minmay_hexomino_f4
D:3:      layout_loops_ring, uniq_grinder

Skill      XL: |  1  2  3  4  5 |
---------------+----------------+-----
Stealth        | 3 4 |  4.2
Fighting       | 1 |  1.4
Dodging        | 3 |  3.0
Spellcasting   | |  2.9
Necromancy     | |  4.5

Action                     |  1- 3 |  4- 6 || total
---------------------------+-------+-------++-------
  Melee: Unarmed           |    12 |    10 ||    22
         Constrict         |     4 |     1 ||     5
         Tentacles         |       |     1 ||     1
   Cast: Necrotise         |    59 |    42 ||   101
         Vampiric Draining |     1 |     3 ||     4
    Use: Scroll            |     4 |       ||     4
 Armour: Skin              |    12 |    19 ||    31
  Dodge: Dodged            |    10 |    14 ||    24

Table legend: (Time is in decaauts)
 A = Elapsed time spent in this place.
 B = Non-inter-level travel time spent in this place.
 C = Inter-level travel time spent in this place.
 D = Time resting spent in this place.
 E = Time spent auto-exploring this place.
 F = Levels seen in this place.
 G = Mean time per level.
                   A        B        C        D        E       F      G
               +--------+--------+--------+--------+--------+-----+--------+
         Total |   2321 |   2257 |     64 |    218 |   1349 |   3 |  773.7 |
       Dungeon |   2321 |   2257 |     64 |    218 |   1349 |   3 |  773.7 |
               +--------+--------+--------+--------+--------+-----+--------+

Top non-repeatable levels by time:
     D:2: 1006 daAuts
     D:1: 996 daAuts
     D:3: 318 daAuts
